Unix NetHack Version 5.0.0-0 post-release - last build May 17 2026 04:57:42 (dc50c8380fa5e20985bfe3072449f57b8d9895ef,branch:main).

Game began 2026-05-18 17:15:05, ended 2026-05-18 17:55:18.

DaveT, lawful male human Priest

      ----
     --..|
     |...---   ---                             ---
     --....-- --.--                         ----.---
      |.....---...|                       ---.|....|     ---               --
      |..|>[......----                   --........|------.---             .|
     --..|.....--....|        ---    ----|.........--.--.....--            .--
    --...`.....--....----------.------..|--...................|           ...|
    |.......................--...#.--...| |-....YYY...........|          ....|
    ---....)-----....------<...........-  |...---@`|..........|          ....|
      |....)|   --.---    ------.......-###...# -----.........|     ----.....|
      --....--   ---           --.......|....-|#-- --.......---    --.......-
       |.....|                  --............--..--........| ---- |..)....-
       --...--                   ---........................---..|--^...  .--
        --.--                     |...|.............^........|...--...- ....|
         ---                      |.----...................................-
                                 --.|  ----...............`.............*.--
                                 |`.|     --.|...........-----............|
                                 |..|      -----...|...---   ---...---....|
                                 ----          |..---..|       |..--  -.---
                                               ---- ----       ----    --
DaveT the Adept              St:18/08 Dx:14 Co:16 In:12 Wi:18 Ch:15  Lawful
Dlvl:5  $:289 HP:0(50) Pw:78(78) AC:-2 Xp:7 T:5359  Burdened

Latest messages:
 You miss the ape.
 The ape hits!
 The ape misses!
 The ape misses!
 The ape hits!
 The ape hits again!
 The ape bites!
 The ape misses!
 The ape misses!
 The ape misses!
 The ape hits!
 The ape misses!
 The ape bites!
 You hit the ape!
 The ape hits!
 The ape hits again!
 The ape misses!
 The ape misses!
 The ape hits!
 The ape misses!
 The ape hits!
 The ape misses!
 The ape just misses!
 You kill the ape!
 The ape hits!
 The ape misses!
 The ape misses!
 The ape hits!
 The ape hits again!
 The ape bites!
 You miss the ape.
 The ape misses!
 The ape hits!
 The ape bites!
 The ape hits!
 The ape misses!
 The ape misses!
 The ape misses!
 The ape misses!
 The ape bites!
 The ape hits!
 The ape hits again!
 The ape bites!
 The ape misses!
 The ape misses!
 The ape bites!
 The ape hits!
 You die...
 Do you want your possessions identified? [ynq] (y) y
 Do you want to see your attributes? [ynq] (y) q

Inventory:
 Coins    ('$')
  $ - 289 gold pieces
 Amulets  ('"')
  I - an amulet of flying
  x - an amulet versus poison (being worn)
 Weapons  (')')
  t - 10 +5 ya
  Q - 19 +0 darts
  O - 2 blessed +1 daggers (at the ready)
  J - a blessed +0 orcish dagger
  M - a +0 aklys
  a - a blessed rustproof +2 mace (weapon in right hand)
  s - a +0 mace
 Armor    ('[')
  S - a blessed +1 orcish helm (being worn)
  W - a +0 pair of jumping boots (being worn)
  c - a +0 small shield (being worn)
  b - a +0 robe (being worn)
  G - a +0 splint mail (being worn)
 Comestibles  ('%')
  T - a slime mold
  e - a clove of garlic
  V - a lizard corpse
 Scrolls  ('?')
  r - 5 scrolls of blank paper
  k - 2 scrolls of enchant armor
  N - a cursed scroll of enchant armor
  X - a cursed scroll of fire
  R - a scroll of light
  n - a scroll of magic mapping
  U - 2 scrolls of teleportation
 Potions  ('!')
  P - 2 potions of healing
  H - a potion of object detection
 Rings    ('=')
  y - a ring of conflict
  C - a ring of levitation
  E - a ring of regeneration (on left hand)
  o - a ring of warning
 Wands    ('/')
  L - a wand of enlightenment (0:14)
 Tools    ('(')
  i - an oil lamp
  F - a +0 pick-axe
 Gems/Stones  ('*')
  j - a worthless piece of blue glass

DaveT the Priest's attributes:

Background:
 You were an Adept, a level 7 human Priest.
 You were lawful, on a mission for Ptah
 who was opposed by Thoth (neutral) and Anhur (chaotic).
 You were right-handed.
 You were in the Gnomish Mines, on level 5.
 You entered the dungeon 5359 turns ago.
 There was a new moon in effect when your adventure ended.
 You had 1143 experience points, 137 more were needed to attain level 8.

Basics:
 You had 0 out of 50 hit points.
 You had all 78 energy points (spell power).
 Your armor class was -2.
 Your wallet contained 289 zorkmids.
 Autopickup was off.

Final Characteristics:
 Your strength was 18/08 (limit:18/100).
 Your dexterity was 14 (limit:18).
 Your constitution was 16 (limit:18).
 Your intelligence was 12 (limit:18).
 Your wisdom was 18 (limit:18).
 Your charisma was 15 (limit:18).

Final Status:
 You weren't hungry.
 You were burdened; movement was slightly slowed.
 You were wielding a mace.
 You were skilled in mace and could have enhanced that.

Final Attributes:
 You were piously aligned.
 You were poison resistant.
 You could jump.
 You regenerated.
 You were guarded.
 Your spell casting was impaired by metallic armor, mitigated by your robe.
 You are dead.

Miscellaneous:
 You didn't encounter any bones levels.
 Total elapsed playing time was 39 minutes and 24 seconds.

Major events:
 Turn
    1: DaveT the lawful human Priest entered the dungeon
  899: entered the Gnomish Mines
  960: attained the rank of Acolyte (level 3)
 2987: attained the rank of Adept (level 6)
 5359: killed by an ape

Spells:
 Name                 Level Category     Fail Retention
 detect monsters        1   divination    67%   51%-75%
 cure blindness         2   healing       88%   51%-75%

Skills:
 Fighting Skills
   bare handed combat [Unskilled]
 Weapon Skills
   club               [Unskilled]
   mace               [Skilled]
   morning star       [Unskilled]
   flail              [Unskilled]
   hammer             [Unskilled]
   quarterstaff       [Unskilled]
   polearms           [Unskilled]
   spear              [Unskilled]
   trident            [Unskilled]
   lance              [Unskilled]
   bow                [Unskilled]
   sling              [Unskilled]
   crossbow           [Unskilled]
   dart               [Unskilled]
   shuriken           [Unskilled]
   boomerang          [Unskilled]
   unicorn horn       [Unskilled]
 Spellcasting Skills
   healing spells     [Unskilled]
   divination spells  [Unskilled]
   clerical spells    [Basic]

Voluntary challenges:
 Character rerolling was not enabled.
 You never genocided any monsters.
 You never polymorphed an object.
 You never changed form.
 You used no wishes.
Achievements:
 You entered a shop.
 You entered the Gnomish Mines.
 You attained the rank of Acolyte.
 You attained the rank of Adept.

 The Dungeons of Doom: levels 1 to 7
    Level 1: "emptied vault"
       A grave.
    Level 2:
       A potion shop, some fountains.
    Level 3:
    Level 4: "emptied vault"
       A general store, some fountains.
       Stairs down to The Gnomish Mines.
    Level 5:
       A ring shop.
    Level 6:
       A potion shop.
    Level 7:
 The Gnomish Mines: levels 5 to 6
    Level 5: <- You were here.
       Final resting place for
          you, killed by an ape.
    Level 6:


Vanquished creatures:
  a large mimic
  4 small mimics
  a giant beetle
  a lizard
  a jaguar
 an ape
  a rope golem
 an imp
  a water nymph
  a mountain nymph
  a fog cloud
  a yellow light
  a violet fungus
  2 gnome leaders
  a paper golem
  a little dog
  a floating eye
  a kitten
  3 dwarves
  a homunculus
  a kobold leader
 10 hill orcs
  5 rothes
  2 rabid rats
 an orc zombie
  a werejackal
  6 iguanas
  3 killer bees
  3 acid blobs
  3 coyotes
  a large kobold
  a hobgoblin
  a giant rat
  a brown mold
  3 yellow molds
  a green mold
  2 red molds
 11 gnomes
  6 garter snakes
  2 geckos
  5 jackals
  2 foxes
  2 kobolds
  3 goblins
  4 sewer rats
  5 grid bugs
  4 bats
  4 lichens
  a kobold zombie
  6 newts
126 creatures vanquished.

No species were genocided or became extinct.

Game over:
                       ----------
                      /          \
                     /    REST    \
                    /      IN      \
                   /     PEACE      \
                  /                  \
                  |      DaveT       |
                  |      289 Au      |
                  | killed by an ape |
                  |                  |
                  |                  |
                  |                  |
                  |       2026       |
                 *|     *  *  *      | *
        _________)/\\_//(\/(/\)/\//\/|_)_______

Goodbye DaveT the Priest...

You died in The Gnomish Mines on dungeon level 5 with 5163 points,
and 289 pieces of gold, after 5359 moves.
You were level 7 with a maximum of 50 hit points when you died.

